 Dungeon Crawl Stone Soup version 0.27.1-4-g1640c2035a (webtiles) character file.

Game seed: 9180671821629407404

500 boopmooplesden the Shield-Bearer (level 6, -7/53 HPs)
             Began as a Minotaur Fighter on Nov 9, 2021.
             Killed by divine providence
             ... invoked by an orc priest
              (15 damage)
             ... on level 5 of the Dungeon.
             The game lasted 00:03:39 (3839 turns).

boopmooplesden the Shield-Bearer (Minotaur Fighter) Turns: 3839, Time: 00:03:40

Health: -7/53      AC:  8    Str: 21    XL:     6   Next: 94%
Magic:  5/5        EV: 12    Int:  5    God:
Gold:   180        SH: 10    Dex: 11    Spells: 5/5 levels left

rFire    . . .     SeeInvis .   g - +2 short sword (holy)
rCold    . . .     Faith    .   c - +0 kite shield
rNeg     . . .     Spirit   .   b - +0 scale mail
rPois    .         Reflect  .   (helmet restricted)
rElec    .         Harm     .   i - +0 cloak
rCorr    .         Rampage  .   (no gloves)
Will     .....                  (no boots)
Stlth    ..........             (no amulet)
HPRegen  0.17/turn              q - +4 ring of evasion
MPRegen  0.09/turn              (no ring)

@: no status effects
A: horns 2, retaliatory headbutt
a: no special abilities


You were on level 5 of the Dungeon.
You visited 1 branch of the dungeon, and saw 5 of its levels.

You collected 180 gold pieces.

Inventory:

Hand Weapons
 a - a +0 long sword
 g - a +2 short sword of holy wrath (weapon)
Missiles
 l - a throwing net (quivered)
Armour
 b - a +0 scale mail (worn)
 c - a +0 kite shield (worn)
 i - a +0 cloak (worn)
 m - a +0 chain mail
Jewellery
 q - a +4 ring of evasion (left hand)
Scrolls
 j - 4 scrolls of identify {unknown}
 n - 3 scrolls of teleportation {unknown}
 p - a scroll of immolation {unknown}
Potions
 d - 3 potions of might
 e - a potion of mutation {unknown}
 f - a potion of lignification {unknown}
 h - 2 potions of curing {unknown}
 k - a potion of invisibility {unknown}
 o - a potion of flight {unknown}
 r - a potion of magic {unknown}


   Skills:
 + Level 4.7 Fighting
 + Level 2.6(3.3) Short Blades
 + Level 3.3(3.9) Long Blades
 + Level 5.2 Armour
 + Level 1.7 Dodging
 + Level 0.1 Stealth
 + Level 6.5 Shields


You had 5 spell levels left.
You didn't know any spells.
Your spell library contained the following spells:

 Spells                   Type           Power      Damage    Failure   Level
 Sting                    Tmut/Pois      0%         1d3       99%         1
 Ignite Poison            Fire/Tmut/Pois 0%         N/A       100%        3
 Mephitic Cloud           Conj/Pois/Air  0%         N/A       100%        3
 Animate Armour           Summ/Erth      0%         N/A       100%        4
 Olgreb's Toxic Radiance  Pois           0%         N/A       100%        4
 Summon Ice Beast         Ice/Summ       0%         N/A       100%        4
 Summon Lightning Spire   Summ/Air       0%         N/A       100%        4
 Blade Hands              Tmut           0%         N/A       100%        5
 Bolt of Magma            Conj/Fire/Erth 0%         4d4       100%        5
 Summon Forest            Summ/Tloc      0%         N/A       100%        5
 Iron Shot                Conj/Erth      0%         9d1       100%        6


Dungeon Overview and Level Annotations

Branches:
Dungeon (5/15)
 Temple: D:4-7

Altars:


Innate Abilities, Weirdness & Mutations

You have a pair of horns on your head.
You reflexively headbutt those who attack you in melee.


Message History

You block the killer bee zombie's attack.
The killer bee zombie completely misses you.
You hit the killer bee zombie.
The killer bee zombie convulses.
The killer bee zombie is moderately damaged.
The killer bee zombie barely misses you.
A scorpion comes into view.
The killer bee zombie completely misses you.
You furiously retaliate!
You headbutt the killer bee zombie!
Found 6 gold pieces.
You block the killer bee zombie's attack.
You hit the killer bee zombie.
The killer bee zombie convulses.
The killer bee zombie is almost destroyed.
The killer bee zombie hits you. x2
* * * LOW HITPOINT WARNING * * *
You closely miss the killer bee zombie.
Your headbutt misses the killer bee zombie.
The killer bee zombie is almost destroyed.
You block the killer bee zombie's attack.
The killer bee zombie misses you.
You closely miss the killer bee zombie.
The killer bee zombie is almost destroyed.
You block the killer bee zombie's attack.
The orc priest looks encouraged for a moment.
The killer bee zombie hits you.
* * * LOW HITPOINT WARNING * * *
You hit the killer bee zombie.
You destroy the killer bee zombie!
You closely miss the orc priest.
A scorpion comes into view.
The orc priest casts a cantrip, but nothing happens.
You closely miss the orc priest. The orc priest completely misses you.
You furiously retaliate!
You headbutt the orc priest. You hit the orc priest.
The orc priest is heavily wounded.
You block the orc priest's attack.
You hit the orc priest. Your headbutt misses the orc priest.
The orc priest is severely wounded.
The orc priest mumbles some strange prayers to Beogh against you.
Beogh smites you!
You die...

#.## #..#
##.# #.#
#)### #)).#
#...##
#.#..######..
#.#..@.......
#.##o#####..$
#.##..#
#.##s..o #.
......s
.........
..........
..........
...........


You could see a scorpion and an orc priest.

Vanquished Creatures
  An ogre (D:4)
  A scorpion (D:2)
  3 hounds
  An orc priest (D:5)
  A bullfrog skeleton (D:4)
  An iguana (D:4)
  An orc wizard (D:5)
  A killer bee zombie (D:5)
  7 adders
  A dart slug (D:4)
  3 orcs
  5 endoplasms
  3 giant cockroaches
  10 goblins
  A hobgoblin (D:2)
  4 jackals (D:1)
  3 quokkas
  7 ball pythons
  8 bats
  3 frilled lizards
  9 kobolds
  2 rats
76 creatures vanquished.

Notes
Turn   | Place    | Note
-------+----------+-------------------------------------------
     0 | D:1      | boopmooplesden the Minotaur Fighter began the quest for the
                  | Orb.
     0 | D:1      | Reached XP level 1. HP: 19/19 MP: 0/0
   259 | D:1      | Reached XP level 2. HP: 27/27 MP: 1/1
   362 | D:1      | Reached skill level 4 in Shields
   628 | D:1      | Reached XP level 3. HP: 28/33 MP: 2/2
  1232 | D:2      | Got Celoximu's Guide on Virous Illusion
  1508 | D:2      | Reached XP level 4. HP: 40/40 MP: 3/3
  1602 | D:2      | Noticed a scorpion
  1609 | D:2      | Killed a scorpion
  1610 | D:2      | Reached skill level 1 in Dodging
  1612 | D:2      | Found a faded altar of an unknown god.
  1827 | D:2      | Reached XP level 5. HP: 46/46 MP: 4/4
  2173 | D:3      | Reached skill level 5 in Shields
  3093 | D:4      | Reached skill level 6 in Shields
  3158 | D:4      | Reached XP level 6. HP: 53/53 MP: 5/5
  3183 | D:4      | Reached skill level 1 in Short Blades
  3183 | D:4      | Reached skill level 5 in Armour
  3790 | D:5      | Entered Level 5 of the Dungeon
  3839 | D:5      | Killed from afar by an orc priest

Illustrated notes

Levels and vault maps discovered:
D:1:      minmay_arrival_nine_rooms, layout_loops_ring, minmay_three_crescents
D:2:      layout_loops_ring, hellmonk_ecumenical_altar_inner_sanctum,
          chequers_big_river, st_stairs_6
D:3:      layout_basic
D:4:      layout_basic
D:5:      layout_rooms, minmay_temple_entry_stoned_glass

Skill      XL: |  1  2  3  4  5  6 |
---------------+-------------------+-----
Shields        | 4 6 |  6.5
Armour         | 4 5 |  5.2
Fighting       | 4 |  4.7
Long Blades    | 3 |  3.3
Dodging        | 1 |  1.7
Short Blades   | 2 |  2.6
Stealth        | |  0.1

Action                   |  1- 3 |  4- 6 || total
-------------------------+-------+-------++-------
Melee: Long sword        |    50 |       ||    50
       Headbutt          |    10 |    28 ||    38
       Short sword       |    43 |   154 ||   197
Armor: Scale mail        |    58 |    73 ||   131
Dodge: Dodged            |    47 |    56 ||   103
Block: Kite shield       |    60 |    78 ||   138
       Rpst.: Long sword |     6 |       ||     6
